 Dungeon Crawl Stone Soup version 0.29-a0-648-g6b26cc9f40 (webtiles) character file.

Game seed: 16101687146680886233

345 Vylera the Vandal (level 6, -1/40 HPs)
             Began as a Djinni Wanderer on June 21, 2022.
             Killed from afar by Ijyb (21 damage)
             ... with a bolt of acid
             ... on level 4 of the Dungeon.
             The game lasted 00:07:31 (2950 turns).

Vylera the Vandal (Djinni Wanderer)                 Turns: 2950, Time: 00:07:32

Health: -1/40      AC: 10    Str: 10    XL:     6   Next: 90%
Gold:   119        EV: 11    Int: 14    God:
                   SH:  0    Dex: 15

rFire   + + .      SeeInvis .   a - +2 hunting sling
rCold   x . .      Faith    .   (no shield)
rNeg    . . .      Spirit   .   e - +0 robe
rPois   ∞          Reflect  .   t - +2 helmet
rElec   .          Harm     .   (no cloak)
rCorr   .          Rampage  .   c - +0 pair of gloves
Will    .....                   (boots unavailable)
Stlth   ++........              (no amulet)
HPRegen 0.13/turn               k - +4 ring of protection
MPRegen 0.00/turn               (no ring)

@: flying
A: sickness immunity, fire resistance 2, cold vulnerability 1, float, innate
caster, HP casting, extra vitality 1
a: no special abilities


You were on level 4 of the Dungeon.
You visited 1 branch of the dungeon, and saw 4 of its levels.

You collected 119 gold pieces.

Inventory:

Hand Weapons
 a - a +2 hunting sling (weapon)
 b - a +1 dagger of protection
 r - a +0 hand axe
Armour
 c - a +0 pair of gloves (worn)
 e - a +0 robe (worn)
 f - a +1 helmet
 t - a +2 helmet (worn)
Jewellery
 k - a +4 ring of protection (left hand)
 q - an amulet of faith
Scrolls
 h - 2 scrolls of enchant armour {unknown}
 i - 2 scrolls of noise {unknown}
 j - a scroll of teleportation {unknown}
 l - a scroll of poison {unknown}
 p - a scroll of identify {unknown}
 v - a scroll of blinking {unknown}
Potions
 d - a potion of invisibility
 g - a potion of ambrosia {unknown}
 m - 2 potions of mutation {unknown}
 n - a potion of heal wounds {unknown}
 o - 2 potions of attraction {unknown}
 s - a potion of resistance {unknown}
 u - 2 potions of curing {unknown}
 w - a potion of lignification {unknown}


   Skills:
 - Level 1.5 Axes
 * Level 5.4 Slings
 - Level 1.0 Armour
 - Level 2.4 Stealth
 * Level 2.7 Spellcasting


You had 7 spell levels left.
You knew the following spells:

 Your Spells              Type           Power      Damage    Failure   Level
a - Foxfire               Conj/Fire      36%        2x1d5     7%          1
b - Wereblood             Tmut           9%         N/A       11%         2
Your spell library was empty.

Dungeon Overview and Level Annotations

Branches:
Dungeon (4/15)
 Temple: D:4-7

Altars:
Nemelex Xobeh
Xom

Annotations:
D:4 Ijyb, Pikel


Innate Abilities, Weirdness & Mutations

You are immune to sickness and miasma.
You are immune to poison.
Your flesh is very heat resistant. (rF++)
You are vulnerable to cold. (rC-)
You float through the air rather than walking.
You learn spells naturally, not from books.
Your magical power is your life essence.
You have superior vitality. (+4 MHP)


Message History

The lemure hits you but does no damage.
Fire: a) +2 hunting sling
Press: ? - help, Q - select action, (/) - cycle Shift-Dir - straight line, f/p - lemure
Aim: a lemure (almost dead, 53% to hit)
You shoot a sling bullet. The sling bullet hits the lemure!
You kill the lemure!
That felt strangely unrewarding.
There is a stone staircase leading down here.
You start resting.
Your primal bloodlust is almost over.
You start resting.
Your primal bloodlust has ended.
You start resting.
HP restored.
You fly downwards.
Level annotation: Ijyb The lemure closely misses you.
The lemure hits you. The lemure hits you but does no damage.
The lemure hits you.
There is a stone staircase leading up here.
Unknown command.
Found 5 gold pieces.
The lemure hits you but does no damage. The lemure attacks as you move away!
The lemure completely misses you. The lemure attacks as you move away!
The lemure hits you. The lemure barely misses you.
Pikel, Merchant of Souls comes into view.
He is wielding a +2 whip of freezing.
Found 6 stones.
Pikel shouts!
Ijyb grins evilly.
Ijyb hits you with a +0 club. The lemure attacks as you move away!
The lemure hits you but does no damage.
Found a clear potion.
Ijyb completely misses you.
Found a murky cyan potion.
Ijyb screams, "Me very upset!"
The lemure closely misses you.
Pikel hits you with a +2 whip of freezing!
Pikel freezes you. Ijyb attacks as you move away! Ijyb closely misses you.
Ijyb zaps a wand.
The bolt of acid hits you!!
Ouch! That really hurt!
You die...

#.#...# #.....#
####.....###
.#...#.......###
...#...........#
.#.!.#.......#.# #
.........K5..#.#
.#..
#....@.g5..#(###...#
.........5..<.#..#.#
###..........#.# .#
#...###.......#.#.#.
#... #..###<.>.#...#
#.. ..... #.##.#.#.#
#. ......##.# #..#
.. ###.!.##.# #.#
#.# ...


You could see Pikel, 3 lemures and Ijyb.

Vanquished Creatures
  Sigmund (D:3)
  A lemure (D:3)
  A jelly (D:3)
  Jessica (D:2)
  Natasha (D:2)
  Robin (D:3)
  2 worms
  3 dart slugs
  An orc (D:3)
  2 endoplasms (D:3)
  3 giant cockroaches
  14 goblins
  4 hobgoblins
  5 jackals
  9 kobolds
  4 quokkas
  8 ball pythons
  8 bats
  A frilled lizard (D:1)
  5 rats
75 creatures vanquished.

Notes
Turn   | Place    | Note
-------+----------+-------------------------------------------
     0 | D:1      | Vylera the Djinni Wanderer began the quest for the Orb.
     0 | D:1      | Vylera set off with the following items: a +2 hunting
                  | sling, a +0 hand axe, a +0 pair of gloves, a potion of
                  | invisibility, a +0 robe.
     0 | D:1      | Reached XP level 1. HP: 15/15 MP: 0/0
   144 | D:1      | Reached XP level 2. HP: 15/21 MP: 0/0
   375 | D:1      | Reached skill level 4 in Slings
   375 | D:1      | Reached XP level 3. HP: 25/25 MP: 0/0
   375 | D:1      | Learned a level 1 spell: Foxfire
   933 | D:2      | Noticed Jessica
   947 | D:2      | Killed Jessica
   948 | D:2      | Reached XP level 4. HP: 29/31 MP: 0/0
  1233 | D:2      | Reached skill level 1 in Spellcasting
  1581 | D:2      | Noticed Natasha
  1586 | D:2      | Killed Natasha
  1587 | D:2      | Reached XP level 5. HP: 35/35 MP: 0/0
  1587 | D:2      | Learned a level 2 spell: Wereblood
  1696 | D:3      | Noticed Robin
  1742 | D:3      | Killed Robin
  2116 | D:3      | Found a sparkling altar of Nemelex Xobeh.
  2173 | D:3      | Noticed Sigmund
  2193 | D:3      | Killed Sigmund
  2194 | D:3      | Reached skill level 5 in Slings
  2194 | D:3      | Reached XP level 6. HP: 25/40 MP: 0/0
  2358 | D:3      | Found a large runed translucent door.
  2362 | D:3      | Found a large runed translucent door.
  2362 | D:3      | Found a shimmering altar of Xom.
  2696 | D:4      | Noticed Ijyb
  2944 | D:4      | Noticed Pikel
  2950 | D:4      | Killed from afar by Ijyb

Illustrated notes

Levels and vault maps discovered:
D:1:      wander_arrival_desolate, layout_loops_ring
D:2:      wad_pebble_path, layout_basic, uniq_natasha, uniq_jessica
D:3:      due_chaos_kobolds, layout_basic, nemelex_dance_club_becter,
          amcnicky_mini_pool_small, uniq_sigmund, uniq_robin
D:4:      layout_loops_ring, lightli_temple_of_fire,
          nicolae_concentric_dashed_squares_mild, uniq_ijyb, uniq_blork_the_orc,
          uniq_pikel

Skill      XL: |  1  2  3  4  5 |
---------------+----------------+-----
Slings         | 4 5 |  5.4
Spellcasting   | 1 2 |  2.7
Axes           | |  1.5
Armour         | |  1.0
Stealth        | |  2.4

Action                   |  1- 3 |  4- 6 || total
-------------------------+-------+-------++-------
 Fire: Hunting sling     |   115 |   152 ||   267
 Cast: Wereblood         |       |     2 ||     2
Armor: Robe              |    18 |    56 ||    74
Dodge: Dodged            |    39 |    69 ||   108

Table legend: (Time is in decaauts)
 A = Elapsed time spent in this place.
 B = Non-inter-level travel time spent in this place.
 C = Inter-level travel time spent in this place.
 D = Time resting spent in this place.
 E = Time spent auto-exploring this place.
 F = Levels seen in this place.
 G = Mean time per level.
                   A        B        C        D        E       F      G
               +--------+--------+--------+--------+--------+-----+--------+
         Total |   3018 |   2866 |    152 |    220 |   2062 |   4 |  754.5 |
       Dungeon |   3018 |   2866 |    152 |    220 |   2062 |   4 |  754.5 |
               +--------+--------+--------+--------+--------+-----+--------+

Top non-repeatable levels by time:
     D:3: 1316 daAuts
     D:1: 885 daAuts
     D:2: 800 daAuts
     D:4: 16 daAuts
